 Dungeon Crawl Stone Soup version 0.28.0-43-g3370ac3207 (webtiles) character file.

Game seed: 11163253237223260336

7 Destapler the Grave Robber (level 1, -3/11 HPs)
             Began as a Deep Elf Necromancer on Mar 7, 2022.
             Slain by a gnoll
             ... wielding a +0 whip
              (7 damage)
             ... on level 1 of the Dungeon.
             The game lasted 00:01:06 (226 turns).

Destapler the Grave Robber (Deep Elf Necromancer)    Turns: 226, Time: 00:01:07

Health: -3/11      AC:  2    Str:  5    XL:     1   Next: 83%
Magic:  1/6        EV: 12    Int: 19    God:
Gold:   5          SH:  0    Dex: 15    Spells: 5/6 levels left

rFire   . . .      SeeInvis .   c - +0 dagger
rCold   . . .      Faith    .   (no shield)
rNeg    . . .      Spirit   .   a - +0 robe
rPois   .          Reflect  .   (no helmet)
rElec   .          Harm     .   (no cloak)
rCorr   .          Rampage  .   (no gloves)
Will    .....                   (no boots)
Stlth   ++........              (no amulet)
HPRegen 0.03/turn               (no ring)
MPRegen 0.10/turn               (no ring)

@: no status effects
A: no striking features
a: no special abilities


You were on level 1 of the Dungeon.
You visited 1 branch of the dungeon, and saw 1 of its levels.

You collected 5 gold pieces.

Inventory:

Hand Weapons
 c - a +0 dagger (weapon)
Armour
 a - a +0 robe (worn)
Scrolls
 b - a scroll of torment {unknown}
Potions
 d - a potion of invisibility {unknown}


   Skills:
 * Level 0.3 Fighting
 + Level 0.2 Armour
 + Level 2.6 Dodging
 + Level 2.5 Stealth
 + Level 3.0 Spellcasting
 + Level 4.9 Necromancy


You had 5 spell levels left.
You knew the following spells:

 Your Spells              Type           Power      Damage    Failure   Level
a - Pain                  Necr           84%        1d8       1%          1

Your spell library contained the following spells:

 Spells                   Type           Power      Damage    Failure   Level
 Animate Skeleton         Necr           42%        N/A       1%          1
 Vampiric Draining        Necr           21%        2d7       6%          3
 Animate Dead             Necr           10%        N/A       21%         4
 Agony                    Necr           21%        N/A       50%         5


Dungeon Overview and Level Annotations

Branches:
Dungeon (1/15)

Altars:


Message History

You kill the endoplasm!
Magic restored.
HP restored.
A kobold comes into view. It is wielding a +0 dagger.
The kobold shouts!
A kobold is nearby!
You can't see any susceptible monsters within range! (Use Z to cast anyway.)
A bat comes into view.
The bat moves out of view.
The kobold writhes in agony!
You kill the kobold!
No target in view!
You can't see any susceptible monsters within range! (Use Z to cast anyway.)
A bat is nearby!
Found a glowing coppery potion.
The bat writhes in agony.
You kill the bat!
You now have 5 gold pieces.
Things that are here:
a +0 dagger; a kobold corpse
c - a +0 dagger (weapon)
d - a glowing coppery potion A hobgoblin comes into view.
A gnoll comes into view. It is wielding a +0 whip.
The hobgoblin shouts!
The hobgoblin writhes in agony.
You hear a bark! x3
A jackal comes into view.
The hobgoblin writhes in agony.
A kobold comes into view. It is wielding a +0 short sword.
The hobgoblin writhes in agony.
You kill the hobgoblin!
The kobold shouts!
The gnoll writhes in agony.
A rat comes into view.
A frilled lizard comes into view.
Found 17 bolts.
The jackal bites you.
A jackal comes into view.
The gnoll writhes in agony.
The gnoll hits you with a +0 whip!
Ouch! That really hurt!
You die...

........... .........#
......##'''## (........#
......#.....#
.........##......#..<..#
..#...#..........#.....#
#................#.....#
#....†...........##+++##
#.....g.................
#.....h@..#.....#.......
h.................##..#.
#............#### #....
..........##....####...#
.....K....#####.........
#.....##### ####†.....
..r..l #........ ......
#......... ..
.....#......


You could see a gnoll, 2 jackals, a kobold, a frilled lizard and a rat.

Vanquished Creatures
  2 endoplasms (D:1)
  A hobgoblin (D:1)
  A kobold (D:1)
  A ball python (D:1)
  A bat (D:1)
6 creatures vanquished.

Notes
Turn   | Place    | Note
-------+----------+-------------------------------------------
     0 | D:1      | Destapler the Deep Elf Necromancer began the quest for the
                  | Orb.
     0 | D:1      | Reached XP level 1. HP: 10/10 MP: 6/6
   226 | D:1      | Slain by a gnoll

Illustrated notes

Levels and vault maps discovered:
D:1:      dpeg_arrival_windows_large_door, layout_rooms,
          hellmonk_ecumenical_altar_leap_of_faith, grunt_decor_arrowhead,
          minmay_misc_feat_square, minmay_split_cup_small

Action                   || total
-------------------------++-------
 Cast: Pain              ||    11
